 Dungeon Crawl Stone Soup version 0.25.1-8-g42b30a86e7 (webtiles) character file.

Game seed: 13029661821568956088

740 Abzac the Spear-Bearer (level 7, -2/55 HPs)
             Began as a Merfolk Gladiator on Dec 16, 2020.
             Was a Follower of Dithmenos.
             Slain by a sky beast (3 damage)
             ... on level 6 of the Dungeon.
             The game lasted 00:13:40 (5787 turns).

Abzac the Spear-Bearer (Merfolk Gladiator)          Turns: 5787, Time: 00:13:40

Health: -2/55      AC:  4    Str: 17    XL:     7   Next: 75%
Magic:  7/7        EV: 14    Int:  7    God:    Dithmenos [*.....]
Gold:   113        SH:  0    Dex: 15    Spells: 6/6 levels left

rFire    . . .     SeeInvis .   a - +0 trident
rCold    . . .     Gourm    .   (no shield)
rNeg     . . .     Faith    .   b - +0 leather armour
rPois    .         Spirit   .   u - +0 helmet
rElec    .         Reflect  .   (no cloak)
rCorr    .         Harm     .   (no gloves)
MR       .....                  (no boots)
Stlth    +++.......             (no amulet)
HPRegen  0.18/turn              (no ring)
MPRegen  0.10/turn              (no ring)

@: lethally poisoned (-2 -> -3), wreathed by umbra
A: change form in water, swift swim, stealthy swim
a: Renounce Religion


You were on level 6 of the Dungeon.
You worshipped Dithmenos.
Dithmenos was aware of your devotion.
You were not hungry.

You visited 1 branch of the dungeon, and saw 7 of its levels.

You collected 255 gold pieces.
You spent 142 gold pieces at shops.

Inventory:

Hand Weapons
 a - a +0 trident (weapon)
Missiles
 d - a throwing net (quivered)
Armour
 b - a +0 leather armour (worn)
 c - a +0 helmet
 u - a +0 helmet (worn)
Wands
 j - a wand of polymorph (10)
 r - a wand of flame (17)
Scrolls
 e - a scroll of enchant weapon {unknown}
 i - a scroll of magic mapping
 k - a scroll of remove curse
 o - a scroll of enchant armour
 q - a scroll of identify
 s - 2 scrolls of blinking {unknown}
 t - a scroll of immolation {unknown}
Potions
 g - 2 potions of degeneration {unknown}
 l - a potion of flight {unknown}
 p - a potion of lignification {unknown}
Comestibles
 f - 3 rations


   Skills:
 + Level 4.9 Fighting
 * Level 9.5 Polearms
 - Level 2.0 Throwing
 - Level 5.0 Dodging
 + Level 3.8 Stealth


You had 6 spell levels left.
You didn't know any spells.
Your spell library was empty.

Dungeon Overview and Level Annotations

Branches:
Dungeon (7/15)
 Temple: D:4-7

Altars:
Cheibriados
Dithmenos
Gozag
Hepliaklqana
Makhleb
Okawaru
Qazlal
Wu Jian
Zin

Shops:
D:5 ?


Message History

Aim: a killer bee (lightly wounded, umbra)
You throw a throwing net. The throwing net hits the killer bee.
The killer bee is caught in the net!
The killer bee is lightly wounded.
* * * LOW HITPOINT WARNING * * *
You feel sick.
The killer bee struggles against the net.
A sky beast comes into view.
* * * LOW HITPOINT WARNING * * *
You feel sick.
The killer bee struggles against the net. x3
The net rips apart, and the killer bee comes free!
Found a scroll labeled NAM CUEFEGI.
* * * LOW HITPOINT WARNING * * *
You feel sick.
The sky beast flickers out of sight!
Deactivating autopickup; reactivate with Ctrl-A.
The killer bee stings you but does no damage.
* * * LOW HITPOINT WARNING * * *
You feel sick. Something hits you.
You die...

#[.........
#.....#####
###.##...?.
#.# .####
#.##.###
#Z.....#
##......##
#.y.......
#.@.....##
#.......#
#.......#
#?........
#.########
#. #. #.


You could see a killer bee and a bullfrog zombie.

Vanquished Creatures
  2 ogres
  A bullfrog (D:7)
  A bullfrog zombie (D:5)
  2 hounds
  2 orc priests
  A bullfrog skeleton (D:7)
  An orc wizard (D:7)
  4 worker ants
  3 gnolls (D:5)
  7 adders
  2 shadow imps (D:5)
  2 adder skeletons
  A worm (D:2)
  5 dart slugs
  A leopard gecko (D:2)
  8 orcs
  5 giant cockroaches
  5 goblins
  8 hobgoblins
  8 jackals
  A quokka (D:2)
  2 ball pythons
  3 bats
  2 frilled lizards
  5 kobolds
  6 rats
88 creatures vanquished.

Notes
Turn   | Place    | Note
-------+----------+-------------------------------------------
     0 | D:1      | Abzac the Merfolk Gladiator began the quest for the Orb.
     0 | D:1      | Reached XP level 1. HP: 16/16 MP: 1/1
    90 | D:1      | Reached XP level 2. HP: 18/23 MP: 2/2
   219 | D:1      | Reached skill level 5 in Polearms
   662 | D:1      | Reached XP level 3. HP: 28/28 MP: 3/3
  1250 | D:2      | Found a snail-covered altar of Cheibriados.
  1383 | D:2      | Found a glowing silver altar of Zin.
  1383 | D:2      | Found an opulent altar of Gozag.
  1889 | D:2      | Reached XP level 4. HP: 34/34 MP: 4/4
  2191 | D:2      | Reached skill level 6 in Polearms
  2753 | D:3      | Reached skill level 5 in Dodging
  2828 | D:3      | Found a shadowy altar of Dithmenos.
  2831 | D:3      | Became a worshipper of Dithmenos the Shadowed
  3148 | D:3      | Reached XP level 5. HP: 32/41 MP: 5/5
  3428 | D:3      | Reached skill level 1 in Stealth
  3877 | D:4      | Reached skill level 7 in Polearms
  4060 | D:4      | Noticed an ogre
  4075 | D:5      | Entered Level 5 of the Dungeon
  4088 | D:5      | Reached XP level 6. HP: 15/48 MP: 6/6
  4411 | D:5      | Found Naneqyu's Magic Scroll Shop.
  4419 | D:5      | Bought a scroll of enchant armour for 112 gold pieces
  4419 | D:5      | Bought a scroll of identify for 30 gold pieces
  4439 | D:5      | Found an iron altar of Okawaru.
  4473 | D:5      | Reached skill level 8 in Polearms
  4508 | D:5      | Found a stormy altar of Qazlal.
  4511 | D:5      | Found a hazy altar of Hepliaklqana.
  4511 | D:5      | Found a snail-covered altar of Cheibriados.
  4650 | D:5      | Found an ornate altar of the Wu Jian Council.
  4847 | D:4      | Found a burning altar of Makhleb.
  4877 | D:4      | Reached XP level 7. HP: 51/55 MP: 7/7
  4947 | D:4      | You fall into a shaft and drop 3 floors!
  4964 | D:7      | Reached * piety under Dithmenos
  5341 | D:7      | Reached skill level 9 in Polearms
  5785 | D:6      | HP: 2/55 [poisoned by a killer bee]
  5787 | D:6      | Slain by a sky beast

Illustrated notes

Levels and vault maps discovered:
D:1:      wander_arrival_desolate, layout_basic
D:2:      layout_basic, grunt_temple_overflow_gold_and_silver, first_ration,
          cheibriados_altar_1
D:3:      layout_loops_corners, lemuel_doored_altar
D:4:      layout_cave_pods, chequers_serial_rivers_small_b, bloody_makhleb
D:5:      layout_basic, nicolae_ru_path_of_blood, grunt_temple_overflow_open,
          okawaru_trees_2, minmay_temple_entry_purple_smoke, serial_shops,
          nicolae_shop_crystal
D:6:      layout_loops_ring, tgw_xom, serial_shops, shop, uniq_menkaure
D:7:      layout_basic, serial_shops, nicolae_shop_statue_plus, hex_intersection

Skill      XL: |  1  2  3  4  5  6  7 |
---------------+----------------------+-----
Polearms       | 5 6 7 8 9 |  9.5
Fighting       | 3 4 |  4.9
Dodging        | 5 |  5.0
Stealth        | 2 3 |  3.8
Throwing       | |  2.0

Action                   |  1- 3 |  4- 6 |  7- 9 || total
-------------------------+-------+-------+-------++-------
Melee: Trident           |   121 |   195 |   114 ||   430
Throw: Throwing net      |       |     1 |     1 ||     2
  Use: Scroll            |       |     5 |     2 ||     7
       Potion            |       |       |     2 ||     2
 Stab: Sleeping          |     3 |     2 |     1 ||     6
  Eat: Chunk             |     3 |     8 |     1 ||    12
       Ration            |       |     1 |       ||     1
Armor: Leather armour    |    17 |    19 |    20 ||    56
Dodge: Dodged            |    65 |    92 |    97 ||   254
